 Dungeon Crawl Stone Soup version 0.21-a0-414-gba8bdf1 (webtiles) character file.

42 Beatriz the Skirmisher (level 3, -9/29 HPs)
             Began as a Demonspawn Abyssal Knight on Nov 3, 2017.
             Was an Initiate of Sif Muna.
             Killed from afar by a white imp (10 damage)
             ... with a puff of frost
             ... summoned by Natasha
             ... on level 2 of the Dungeon.
             The game lasted 00:06:07 (1268 turns).

Beatriz the Skirmisher (Demonspawn Abyssal Knight)  Turns: 1268, Time: 00:06:08

Health: -9/29      AC:  5    Str: 12    XL:     3   Next: 35%
Magic:  4/4        EV: 11    Int: 14    God:    Sif Muna [......]
Gold:   65         SH:  0    Dex: 12    Spells: 2/2 levels left

rFire    . . .     SeeInvis .   a - +1 hand axe
rCold    . . .     Gourm    .   (no shield)
rNeg     . . .     Faith    .   b - +0 leather armour
rPois    .         Spirit   .   (no helmet)
rElec    .         Reflect  .   (no cloak)
rCorr    .         Harm     .   f - +1 pair of gloves
MR       .....     NoTele   +   (no boots)
Stlth    +.........             (no amulet)
HPRegen  0.09/turn              (no ring)
MPRegen  0.09/turn              (no ring)

@: cannot translocate
A: rot immunity
a: Renounce Religion


You were on level 2 of the Dungeon.
You worshipped Sif Muna.
Sif Muna was noncommittal.
You were very hungry.

You visited 1 branch of the dungeon, and saw 2 of its levels.
You visited the Abyss 1 time.

You collected 65 gold pieces.

Inventory:

Hand Weapons
 a - a +1 hand axe (weapon)
Armour
 b - a +0 leather armour (worn)
 f - a +1 pair of gloves (worn)
Scrolls
 d - 2 scrolls of teleportation {unknown}
 e - 3 scrolls of identify {unknown}
 g - a scroll of remove curse {unknown}
 h - a scroll of random uselessness {unknown}
 i - a scroll of immolation {unknown}
Potions
 j - a potion of curing {unknown}
Comestibles
 c - 2 bread rations
 k - a fruit


   Skills:
 + Level 3.2 Fighting
 * Level 2.6 Axes
 * Level 2.3 Armour
 - Level 1.1 Dodging
 + Level 2.5 Invocations


You had 2 spell levels left.
You didn't know any spells.

Dungeon Overview and Level Annotations

Branches:
Dungeon (2/15)

Altars:

Annotations:
D:2 Natasha


Innate Abilities, Weirdness & Mutations

You are immune to rotting.


Message History

A rat, a goblin and Natasha come into view.
Natasha hisses angrily.
Found a meat ration.
There is a stone staircase leading up here.
A hobgoblin comes into view.
The goblin shouts!
The small abomination hits you.
A frilled lizard comes into view.
The frilled lizard hisses angrily.
The rat bites you but does no damage. The goblin barely misses you.
Natasha claws you.
* * * LOW HITPOINT WARNING * * *
The hobgoblin hits you but does no damage.
Natasha mumbles some strange words.
Natasha casts a spell at you. The magic dart hits you!
* * * LOW HITPOINT WARNING * * *
The white imp gestures at you. The puff of frost hits you!
You die...

########.........
#............##.#
.................
.............##.#
.............# #
........rh5..##
........g........
......xg.........
.......@..l.#.#..
#..........##.#..
######..#### .
##.. . ##. .. #.
#.


You could see a small abomination, Natasha, a white imp, a hobgoblin, a goblin,
a frilled lizard and a rat.

Vanquished Creatures
  A dart slug (D:1)
  3 leopard geckos (D:1)
  5 giant cockroaches (D:1)
  5 goblins (D:1)
  4 hobgoblins (D:1)
  6 kobolds (D:1)
  7 bats (D:1)
  2 frilled lizards (D:1)
33 creatures vanquished.

Notes
Turn   | Place    | Note
-------+----------+-------------------------------------------
     0 | Abyss:1  | Beatriz the Demonspawn Abyssal Knight began the quest for the Orb.
     0 | Abyss:1  | Reached XP level 1. HP: 18/18 MP: 2/2
    88 | Abyss:1  | Found a deep blue altar of Sif Muna.
    93 | Abyss:1  | Fell from the grace of Lugonu
    93 | Abyss:1  | Became a worshipper of Sif Muna the Loreminder
   107 | Abyss:1  | Noticed an ancient zyme
   139 | D:1      | Escaped the Abyss
   149 | D:1      | Reached skill level 1 in Dodging
   233 | D:1      | Gained mutation: You are immune to rotting. [demonic ancestry]
   233 | D:1      | Reached XP level 2. HP: 19/24 MP: 3/3
   873 | D:1      | Reached XP level 3. HP: 29/29 MP: 4/4
  1244 | D:1      | Noticed a small abomination
  1259 | D:2      | Noticed Natasha
  1267 | D:2      | HP: 1/29 [Natasha/magic dart (7)]
  1268 | D:2      | Killed from afar by a white imp

Vault maps used:
D:1:      scummos_arrival_hexagon
D:2:      fiery_altar_vehumet, uniq_natasha
Abyss:1:  hangedman_decor_lopped

Skill      XL: |  1  2 |
---------------+-------+-----
Dodging        | 1 |  1.1
Axes           | 2 |  2.6
Armour         | 2 |  2.3
Fighting       | |  3.2
Invocations    | |  2.5

Action                   || total
-------------------------++-------
Melee: Hand axe          ||   104
Armor: Leather armour    ||    57
Dodge: Dodged            ||    81

Table legend:
 A = Spawn XP
 B = Non-spawn XP
 C = Spawn XP percentage of total XP
 D = Spawn monster count
 E = Non-spawn monster count
 F = Spawn count percentage of total count
 G = Total turns spent on level
                    A         B        C        D         E        F      G
               +---------+---------+-------+---------+---------+-------+---------
         Total |       0 |      61 |   0.0 |       0 |      33 |   0.0 |  1268
               +---------+---------+-------+---------+---------+-------+---------
           D:1 |       0 |      61 |   0.0 |       0 |      33 |   0.0 |  1120
               +---------+---------+-------+---------+---------+-------+---------
